Cogmind - Beta 12 @@@ ROGUE MODE // 2023.12.18 @ 07:03:25 Player: arkn Result: Destroyed by DAS Turret with DAS Cannon Performance ------------- Evolutions (0) 0 Regions Visited (3) 600 Robots Destroyed (20) 100 Value Destroyed (408) 408 Prototype IDs (23) 460 Alien Tech Used (0) 0 Bonus (300) 300 TOTAL SCORE: 1868 Bonus ------- Aligned with FarCom 300 Cogmind --------- Core Integrity 0/250 Matter 211/300 Energy 250/250 System Corruption 0% Temperature Cool (0) Movement Treading (240) Ox1 Location -10/Exiles Parts ------- > --- POWER (1) -------- Ion Engine > --- PROPULSION (2) --- Light Treads > --- UTILITY (2) ------ Large Storage Unit > --- WEAPON (2) ------- (None) > --- INVENTORY (15) --- Aluminum Leg Heat Sink Medium Matter Pod (0) Improved Terrain Scanner Transport Network Coupler Targeting Computer Targeting Computer ECM Suite Light Armor Plating Small Laser Light Cannon Grenade Launcher Field Lobotomy Kit (5) Peak State ------------ > --- POWER ------------ Ion Engine > --- PROPULSION ------- Light Treads Aluminum Leg > --- UTILITY ---------- Large Storage Unit Seismic Detector > --- WEAPON ----------- Rocket Launcher Mining Claw > --- INVENTORY -------- Light Treads Heat Sink Medium Matter Pod Improved Terrain Scanner Transport Network Coupler Targeting Computer Targeting Computer ECM Suite Light Armor Plating Small Laser Light Cannon Grenade Launcher Field Lobotomy Kit [Rating: 10] Favorites ----------- Power Ion Engine Engine Ion Engine Propulsion Aluminum Leg Treads Light Treads Leg Aluminum Leg Utility Seismic Detector Device Seismic Detector Storage Large Storage Unit Weapon Small Laser Energy Gun Small Laser Launcher Rocket Launcher Special Weapon Mining Laser Slashing Weapon Mining Claw Build | -11 -10 -10 -10 ------- Run | Jun Mat Min Exi Slots Evolved . | . . . . Power . | . . . . Propulsion . | . . . . Utility . | . . . . Weapon . | . . . . Parts Attached 18 | 1 8 5 4 Power 1 | . . . 1 Engine 1 | . . . 1 Core . | . . . . Reactor . | . . . . Propulsion 4 | . 1 1 2 Treads 2 | . . . 2 Leg 2 | . 1 1 . Wheel . | . . . . Hover . | . . . . Flight . | . . . . Utility 3 | 1 2 . . Device 1 | 1 . . . Storage 2 | . 2 . . Processor . | . . . . Hackware . | . . . . Protection . | . . . . Artifact . | . . . . Weapon 10 | . 5 4 1 Energy Gun 4 | . 2 2 . Energy Cannon . | . . . . Ballistic Gun . | . . . . Ballistic Cannon . | . . . . Launcher 2 | . . 2 . Special Weapon 3 | . 3 . . Impact Weapon . | . . . . Slashing Weapon 1 | . . . 1 Piercing Weapon . | . . . . Special Melee Weapon . | . . . . Unidentified Prototypes . | . . . . Parts Lost 7 | . . 3 4 Power 1 | . . 1 . Propulsion 3 | . . 1 2 Utility 1 | . . . 1 Weapon 2 | . . 1 1 Highest Loss Streak 3 | . . 3 3 To Critical Strikes 1 | . . . 1 Average Slot Usage (%) 90 | . 98 87 84 Engine 7 | . 14 5 1 Leg 26 | . 26 28 25 Device 13 | . 14 14 13 Storage 14 | . 14 14 14 Energy Gun 14 | . 24 9 10 Launcher 7 | . . 10 13 Special Weapon 3 | . 3 5 . Naked Turns . | . . . . Heaviest Build 32 | 13 28 30 32 Greatest Support 40 | 20 20 20 40 Greatest Overweight (x) 1 | . 1 1 1 Average Overweight (x) . | . . 1 . Largest Inventory Capacity 15 | 8 15 15 15 Average Capacity 13 | 8 11 15 15 Most Carried 15 | 8 12 15 15 Average Carried 12 | 6 9 13 14 Final Capacity 15 | 8 15 15 15 Final Carried 15 | 8 12 15 13 Class Distribution -------------------- 100% | Mutant Dominant Class ---------------- Mutant | -10/Materials Mutant | -10/Mines Mutant | -10/Exiles Resources | -11 -10 -10 -10 ----------- Run | Jun Mat Min Exi Matter Collected 535 | 284 36 209 6 Remotely . | . . . . Salvage Created 460 | 185 199 70 6 Parts 38 | 20 12 6 . Haulers Intercepted . | . . . . Recyclers Shooed 1 | . 1 . . Parts Field Recycled . | . . . . Retrieved Matter . | . . . . Parts Self-Destructed . | . . . . Prevented . | . . . . Kills | -11 -10 -10 -10 ------- Run | Jun Mat Min Exi Combat Hostiles Destroyed 14 | . 4 7 3 Guns 5 | . 4 1 . AOE 9 | . . 6 3 Classes Destroyed 8 | 3 2 2 1 Worker 2 | 2 . . . Builder 1 | . 1 . . Tunneler 5 | 5 . . . Recycler 1 | 1 . . . Swarmer 3 | . . 3 . Grunt 6 | . 4 2 . Sentry 2 | . . 2 . Assembled 3 | . . . 3 Best Kill Streak 6 | 6 2 3 3 Combat Bots Only 3 | . 2 3 3 Max Kills in Single Turn 2 | 1 1 2 2 Gunslinging . | . . . . Exploded 2 | . . 2 2 Melee . | . . . . Uniques/NPCs Destroyed . | . . . . Combat | -11 -10 -10 -10 -------- Run | Jun Mat Min Exi Damage Taken 1419 | . 214 393 812 Core 284 | . 11 117 156 Absorbed by Shields . | . . . . Regen/Repaired (Parts) 52 | . 52 . . Core Remaining (%) 100 | 100 . . . Volleys Fired 75 | 20 31 20 4 Largest 2 | 2 2 1 1 Hottest 100 | 80 100 40 33 Shots Fired 120 | 40 56 20 4 Gun 92 | 40 50 2 . Cannon . | . . . . Launcher 22 | . . 18 4 Special 6 | . 6 . . Kinetic . | . . . . Thermal 98 | 40 56 2 . Explosive 22 | . . 18 4 Electromagnetic . | . . . . Robot Hit Streak 11 | 11 6 8 . Robot Miss Streak 3 | 3 3 2 . Penetration Max . | . . . . Secondary Targets . | . . . . Shots Hit Robots 73 | 26 31 15 1 Core Hits 46 | 9 13 13 11 Critical Kills . | . . . . Critical Parts Destroyed . | . . . . Critical Strikes . | . . . . Melee Attacks 14 | . . . 14 Impact . | . . . . Slashing 14 | . . . 14 Piercing . | . . . . Sneak Attacks . | . . . . Combat Hostiles . | . . . . Follow-up Attacks . | . . . . Damage Inflicted 1568 | 282 368 607 311 Guns 655 | 282 352 21 . Cannons . | . . . . Explosions 864 | . . 586 278 Melee 28 | . . . 28 Ramming 21 | . 16 . 5 Kinetic . | . . . . Thermal 655 | 282 352 21 . Explosive 864 | . . 586 278 Electromagnetic . | . . . . Impact . | . . . . Slashing 28 | . . . 28 Piercing . | . . . . Highest Corruption . | . . . . Average Corruption . | . . . . Corruption Purged . | . . . . Corruption Blocked . | . . . . Overload Shots . | . . . . Overflow Damage 101 | . . 36 65 Projectiles . | . . . . Explosions 101 | . . 36 65 Melee . | . . . . Knockbacks . | . . . . Impact . | . . . . Kinetic . | . . . . Secondary . | . . . . Self-Inflicted Damage 217 | . . 107 110 Shots 7 | . . 6 1 Rammed 1 | . . . 1 Targets Rammed 6 | . 5 . 1 Kicked 5 | . 5 . . Crushed . | . . . . Highest Temperature 222 | 108 222 4 16 Average Temperature 56 | 40 69 2 9 Received Heat Transfer 335 | . 123 72 140 Siege Activations . | . . . . Robots Corrupted . | . . . . Combat Hostiles . | . . . . Parts Fried . | . . . . Impact Corruptions . | . . . . Robots Melted . | . . . . Combat Hostiles . | . . . . Parts Melted 3 | . 3 . . Heat Transferred 1500 | 650 800 50 . Parts Sabotaged . | . . . . Parts Stolen . | . . . . Parts Stripped . | . . . . Power Chain Reactions . | . . . . Missiles Intercepted . | . . . . Alert | -11 -10 -10 -10 ------- Run | Jun Mat Min Exi Peak Influence 242 | 40 127 242 . Initial 26 | . 26 18 . Average 70 | 21 54 94 . Maximum Alert Level 1 | . . 1 . Low Security (%) 92 | 100 100 84 . Level 1 7 | . . 15 . Level 2 . | . . . . Level 3 . | . . . . Level 4 . | . . . . Level 5 . | . . . . High Security . | . . . . Max Security . | . . . . Squads Dispatched . | . . . . Investigation . | . . . . Extermination . | . . . . Reinforcement . | . . . . Assault . | . . . . Garrison . | . . . . Intercept . | . . . . Searches Triggered . | . . . . Construction Impeded . | . . . . Haulers Reinforced . | . . . . Active Scanning Responses . | . . . . Cargo Convoy Interrupts . | . . . . Stealth | -11 -10 -10 -10 --------- Run | Jun Mat Min Exi Distress Signals 2 | . 2 . . Communications Jammed . | . . . . Distress Signals . | . . . . Times Spotted 24 | . 10 7 7 Peak Tracking Total 9 | . 4 3 9 Tactical Retreats 2 | . 1 . 1 Traps | -11 -10 -10 -10 ------- Run | Jun Mat Min Exi Traps Triggered . | . . . . Indirectly . | . . . . Trap Hack Attempts . | . . . . Triggered . | . . . . Disarmed . | . . . . Reprogrammed . | . . . . Reused . | . . . . Traps Extracted . | . . . . Installed . | . . . . Triggered . | . . . . Machines | -11 -10 -10 -10 ---------- Run | Jun Mat Min Exi Machines Disabled 5 | . . 1 4 Max in Single Turn 2 | . . 1 2 Machines Repaired . | . . . . Machines Sabotaged . | . . . . Overloaded Fab Kills . | . . . . Hacking | -11 -10 -10 -10 --------- Run | Jun Mat Min Exi Machines Accessed 4 | . 3 . 1 Terminals 1 | . 1 . . Fabricators . | . . . . Repair Stations 1 | . 1 . . Recycling Units 1 | . 1 . . Scanalyzers . | . . . . Garrison Access . | . . . . Total Hacks 9 | . 8 . 1 Successful 4 | . 3 . 1 Failed 5 | . 5 . . Catastrophic . | . . . . Database Lockouts . | . . . . Manual 3 | . 2 . 1 Terminals 2 | . 2 . . Fabricators . | . . . . Repair Stations 3 | . 3 . . Recycling Units 3 | . 3 . . Scanalyzers . | . . . . Garrison Access . | . . . . Terminal Hacks 1 | . . . 1 EX-Prototype ID Bank 1 | . . . 1 Fabricator Hacks . | . . . . Repair Station Hacks 2 | . 2 . . Scan Component 1 | . 1 . . Repair 1 | . 1 . . Recycling Unit Hacks 1 | . 1 . . Report Inventory 1 | . 1 . . Scanalyzer . | . . . . Garrison Access Hacks . | . . . . Unauthorized Hacks . | . . . . Terminals . | . . . . Fabricators . | . . . . Repair Stations . | . . . . Recycling Units . | . . . . Scanalyzers . | . . . . Garrison Access . | . . . . Data Cores Recovered . | . . . . Used . | . . . . Hacking Detections 2 | . 2 . . Full Trace Events . | . . . . Feedback Events . | . . . . Feedback Blocked . | . . . . Robot Schematics Acquired . | . . . . Robots Built . | . . . . Authchips . | . . . . Time . | . . . . Total Robot Build Rating . | . . . . Part Schematics Acquired . | . . . . Parts Built . | . . . . Authchips . | . . . . Time . | . . . . Total Part Build Rating . | . . . . Parts Repaired 1 | . 1 . . Time 26 | . 26 . . Parts Recycled . | . . . . Recycled Matter . | . . . . Retrieved Matter . | . . . . Retrieved Components . | . . . . Parts Scanalyzed . | . . . . Part Schematics Acquired . | . . . . Parts Damaged . | . . . . Bothacking | -11 -10 -10 -10 ------------ Run | Jun Mat Min Exi Used RIF Installer . | . . . . Robots Hacked . | . . . . Non-combat . | . . . . Combat . | . . . . Robot Hacks Applied . | . . . . Relay Couplers Released . | . . . . Fabnet Peak Effective % . | . . . . Robots Rewired . | . . . . Allies Hacked . | . . . . Hacks Repelled . | . . . . Allies | -11 -10 -10 -10 -------- Run | Jun Mat Min Exi Total Allies . | . . . . Largest Group . | . . . . Highest-Rated Group . | . . . . Highest-Rated Ally . | . . . . Total Orders . | . . . . Ally Attacks . | . . . . Total Damage . | . . . . Kills . | . . . . Allies Corrupted . | . . . . Allies Melted . | . . . . Intel | -11 -10 -10 -10 ------- Run | Jun Mat Min Exi Robot Analysis Total . | . . . . Derelict Logs Recovered . | . . . . Drone Launches . | . . . . Drone Recoveries . | . . . . Exploration | -11 -10 -10 -10 ------------- Run | Jun Mat Min Exi Turns Passed 2203 | 165 716 840 482 Spaces Moved 1046 | 83 332 414 217 Core . | . . . . Treads 18 | . . . 18 Legs 1028 | 83 332 414 199 Wheels . | . . . . Hover . | . . . . Flight . | . . . . Fastest Speed 120 | 120 120 190 160 Average Speed 168 | 120 139 190 187 Slowest Speed 190 | 120 190 190 190 Overloaded Moves . | . . . . Propulsion Burnouts . | . . . . Robots Hopped . | . . . . Cave-ins Triggered . | . . . . Exploration Rate (%) 44 | 3 52 70 52 Regions Visited 3 Branch Regions 2 Pre-discovered Areas . | . . . . Known Exits Taken . | . . . . Unknown Exits Taken 3 | 1 1 1 . Scrap Searched 1 | . . 1 . Spaces Dug 17 | . 5 5 7 Terrain Destroyed 140 | . 6 75 59 Melee 7 | . . . 7 Projectile 6 | . 6 . . AOE 127 | . . 75 52 Terrain Rammed . | . . . . Walls Destroyed . | . . . . Machines Disabled . | . . . . Actions | -11 -10 -10 -10 --------- Run | Jun Mat Min Exi Total 1329 | 109 514 447 259 Wait 147 | . 129 1 17 Move 1043 | 82 331 413 217 Hop . | . . . . Pick Up 17 | 4 6 6 1 Fast Attach 3 | 1 1 1 . Attach 3 | . . 1 2 Detach . | . . . . Swap 12 | . 7 3 2 Drop 9 | 2 4 2 1 Fire 75 | 20 31 20 4 Melee 14 | . . . 14 Ram . | . . . . Kick 5 | . 5 . . Crush 1 | . . . 1 Escape Stasis . | . . . . Rewire . | . . . . Trap . | . . . . Miscellaneous . | . . . . Route ------- -11/Junkyard -10/Materials (discovered 2 exits: [*Mat] / [*Min]) -10/Mines -10/Exiles (discovered 1 exit: [*Min]) History --------- Turn | Location | Event 19 | -11/Junkyard | Discovered new exit (range 2) 166 | -11/Junkyard | Entered Materials 328 | -10/Materials | Build established: Mutant 585 | -10/Materials | Repaired Aluminum Leg 669 | -10/Materials | Discovered new exit (range 3) 796 | -10/Materials | Discovered new exit (range 15) 882 | -10/Materials | Entered Mines 886 | -10/Mines | Met a Derelict bent on vengeance 1177 | -10/Mines | Core integrity fell below 50% 1217 | -10/Mines | Lost 3 parts (1p1n1w) 1299 | -10/Mines | Found a hidden stash of uninstalled traps 1361 | -10/Mines | Deemed a non-threat by the Exiles lab entrance 1361 | -10/Mines | Discovered new exit (range 5) 1385 | -10/Mines | Received a Rocket Launcher from a helpful Derelict 1722 | -10/Mines | Entered Exiles 1747 | -10/Exiles | Discovered new exit (range 15) 1774 | -10/Exiles | Met 8R-AWN 1798 | -10/Exiles | Met EX-HEX 1852 | -10/Exiles | Met EX-BIN 1893 | -10/Exiles | Aligned with FarCom system 1895 | -10/Exiles | Given EX-Vault access code 1939 | -10/Exiles | Opened EX-Vault 1955 | -10/Exiles | Found Field Lobotomy Kit 2000 | -10/Exiles | Warned to stay clear of 0b10 Research branches 2054 | -10/Exiles | Met EX-DEC 2158 | -10/Exiles | Attacked by the Exiles 2202 | -10/Exiles | Core integrity fell below 20% 2204 | -10/Exiles | Destroyed by DAS Turret with DAS Cannon Last Messages --------------- 02177_ Destroyed Asb. Hover Unit. 02177_ as-44973 destroyed. 02177_ Destroyed Asb. F-torch. 02177_ Components damaged. 02181_ as-80075 destroyed. 02181_ as-20091 destroyed. 02188_ Mining Claw severed. 02188_ Slammed into as-32510. 02191_ Seismic Detector destroyed. 02198_ Acquired 6 matter. 02198_ Rocket Launcher destroyed. 02201_ HV Slug penetrates Machine. 02201_ Penetrated by HV Slug. 02201_ HV Slug penetrates Wall. 02203_ Penetrated by HV Slug. 02203_ Critical hit (Destroy). 02203_ Lgt. Treads destroyed. 02203_ HV Slug penetrates Wall. 02203_ Penetrated by HV Slug. 02203_ HV Slug penetrates Wall. Map ----- +----------------------------------------------------+ | ????????????????????????????????#""""""## #??? | | ????????????????????????????????#"""" ## #??? | | ????????????????????????????????#""X" #??? | | ?????????????????????????????#### #??? | | ????????????????????????????## " ## #??? | | ????????????????????????????# " "?# #?## | | ????????????????????????????# """" ""##?# #?#" | | ???????????????????????????## " " #?# #?#" | | ???????????????????????????# " " #??# #?#" | | ????????????????????????????# " " #### ###" | | ????????????????????????????# " " ##" | | ????????????????????????????# "" ###" | | ???????????????????????????## #?#" | | ??????????????????????????## #### ####?#" | | ????????????????????????###"#######????#" | | ????????????????????????# """#???????#" | | ????????????????????????#""/"""#???????## | | ????????????????????????#"" #????????# | | ????????????????????????#"" #????????#" " | | ????????????????????????#"" "#????????#" " | | ????????????????????????# ""#????????#" """ | | ????????????????????????#" ""#???????##" #### | | ????????????????????????## ##??????##"" #??? | | ????????????????????????## % ##?######"" #??? | | ???????????? """###;#X# a%"###""""""" ##?? | | ?????????? @a """ " "" ##? | | ??????????# " " ## | | ???????????# % | | ???????????### | | ?????????????### | | ???????????????## | | ????????????????## a | | ?????????????????##" | | ??????????????????#""" """""" | | ??????????????????#" ######""" | | ???????????????????" ""##????#####""" | | ???????????????????"" """##?????????##"" | | ???????????????????" """##???????????#"" | | ???????????????????" ""#????????????#"" | | ??????????????????? ??????????????""" | | ????????????????????? ????????????"" | | ??????????????????????? ???????????" | | ?????????????????????????? ???????????? | | ???????????????????????????? ????????????? | | ???????????????????????????????????????????? | | ???????????????????????????????????????????? "" | | ????????????????????????????????????????????#?""" | | ???????????????????????????????????????????????### | | ?????????????????????????????????????????????????# | | ?????????????????????????????????????????????????? | +----------------------------------------------------+ Best States ------------- Heat Dissipation 25 Energy Generation 10 Energy Capacity 250 Matter Stores 300 Matter Capacity 300 Sight Range 16 Terrain Scan Density 10 Evasion (%) 55 Recoil Reduction 2 Item Schematics ----------------- None Robot Schematics ------------------ None Fabricated ------------ Nothing Alien Tech Used ----------------- None Achievements -------------- None Challenges ------------ None Game ------ Seed ShadeRelayPit Manual? 0 Play Time 00:21:44 Cumulative 67.0 hours Start 2023.12.18 @ 06:38:43 End 2023.12.18 @ 07:03:25 Sessions 1 Manual Loads 0 Difficulty Rogue Special Mode None Game No. 70 Rogue 70 Adventurer 0 Explorer 0 Win Type - Total 0 Types 0/0/0/0/0/0/0/0/0 Lore% 32 Gallery% 39 Achievement% 32 Wizard Run 0 Options --------- ASCII 0 Keyboard 0 Movement Numpad Keybinds 0 Fullscreen 1 Font 24/Proggy Map View 113x50 Tactical HUD 1 Map Filters NONE Filters NONE Steam 1 RUN: 77d274ef-58ea-407b-b87d-9ccbff59132f